Bulldogs vs Sewer Rats

Created - 3 novembre 2012 at 21:15

Simulating a Pre-Season

Goals
1 2 3 T
Bulldogs 0 2 0 2
Sewer Rats 3 2 1 6
Shots
1 2 3 T
Bulldogs 7 14 5 26
Sewer Rats 8 7 16 31

1st period

1. Sewer Rats , Mark Mancari 2 (Shawn Matthias) at 7:02
2. Sewer Rats , Niko Dimitrakos 3 (Kyle Quincey) at 10:45
3. Sewer Rats , Maxim Talbot 6 (Andrew Ladd) at 11:09

Penalties :
Bryan Little (Tol) for Holding (Minor) at 11:18

2nd period

4. Bulldogs , Andreas Nodl 1 (Davis Drewiske, Ryan Potulny) at 3:51
5. Sewer Rats , Bryan Little 3 (Ryan Callahan, Raphael Diaz) at 8:36
6. Sewer Rats , Andrew Ladd 4 (Maxim Talbot) at 17:00
7. Bulldogs , Aaron Ward 2 (Andrew Ebbett) at 19:01 (PP)

Penalties :
D.J King (Syr) for Interference (Minor) at 1:12, John-Michael Liles (Tol) for Fighting (Major) at 17:03, Stanislav Chistov (Syr) for Fighting (Major) at 17:03, Marc-André Cliche (Tol) for Hooking (Minor) at 18:59

3rd period

8. Sewer Rats , Max Pacioretty 1 (Karel Rachunek, Raphael Diaz) at 5:54

Penalties :
Vojtech Polak (Tol) for Delaying the game (Minor) at 3:20

Goalie Stats

Joey MacDonald (Syr), 19 saves from 21 shots - (0,905), 31:24 minutes
Leland Irving (Syr), 6 saves from 10 shots - (0,600), L, 0-2-0, 28:36 minutes
Jhonas Enroth (Tol), 24 saves from 26 shots - (0,923), W, 2-0-0, 60:00 minutes

Players Stats for Bulldogs

Player Name              G  A  P  +/- PIM S  H  SB GA TA FO     MP     PP MP  PK MP  
------------------------------------------------------------------------------------
A.J Thelen               0  0  0  -1  0   0  3  2  0  0  0/0    18:56   1:23   0:57 
Aaron Ward               1  0  1  -1  0   1  0  1  0  0  0/0    18:56   1:23   0:57 
Andreas Nodl             1  0  1   0  0   2  1  1  1  0  0/0     9:39   0:00   0:00 
Andrei Nazarov           0  0  0  -1  0   3  3  0  0  0  0/0    15:00   0:03   0:28 
Andrei Zyuzin            0  0  0  -3  0   2  3  1  0  0  0/0    23:59   2:37   0:42 
Andrew Ebbett            0  1  1  -1  0   5  3  2  0  0  15/27  20:59   2:17   1:05 
Andrew Gordon            0  0  0  -1  0   3  0  0  1  0  1/1    12:14   0:01   0:00 
Brett McLean             0  0  0  -3  0   0  1  1  1  0  0/1    17:13   1:42   0:35 
Brett Skinner            0  0  0  -2  0   0  0  0  0  0  0/0    10:48   0:00   0:00 
Brian Willsie            0  0  0   0  0   0  0  0  0  0  0/0     0:19   0:01   0:00 
Christian Hanson         0  0  0  -3  0   0  0  0  0  0  4/11   16:36   1:42   0:22 
D.J King                 0  0  0  -1  2   2  2  1  1  0  2/2    19:53   2:17   0:00 
Davis Drewiske           0  1  1  -1  0   1  2  1  0  1  0/0    11:48   0:00   0:20 
Fedor Fedorov            0  0  0   0  0   0  0  1  1  0  0/0     9:39   0:00   0:00 
Jack Hillen              0  0  0   0  0   0  0  0  0  0  0/0     5:17   0:00   0:00 
Jay Harrison             0  0  0  -2  0   1  1  1  1  3  0/0    24:52   2:37   0:55 
Joe Charlebois           0  0  0   0  0   0  0  0  0  0  0/0     5:24   0:00   0:07 
Jonathan Hedstrom        0  0  0  -3  0   0  1  0  0  1  0/1    16:14   1:42   0:00 
Mario Bliznak            0  0  0   0  0   0  0  0  0  0  0/0     0:00   0:00   0:00 
Mathieu Perreault        0  0  0   0  0   0  0  0  0  0  0/0     0:00   0:00   0:00 
Matt Watkins             0  0  0   0  0   0  0  0  0  0  0/0     0:00   0:00   0:00 
Nigel Williams           0  0  0   0  0   0  0  0  0  0  0/0     0:00   0:00   0:00 
Ryan Johnson             0  0  0  -1  0   4  4  0  0  0  4/6    12:27   0:00   0:32 
Ryan Potulny             0  1  1   0  0   1  0  0  0  0  2/2     9:39   0:00   0:00 
Stanislav Chistov        0  0  0  -1  5   1  0  0  1  1  0/2    18:07   2:15   0:56 

Players Stats for Sewer Rats

Player Name              G  A  P  +/- PIM S  H  SB GA TA FO     MP     PP MP  PK MP  
------------------------------------------------------------------------------------
Andrew Ladd              1  1  2   2  0   4  2  1  1  2  1/3    17:37   1:08   1:26 
Bryan Little             1  0  1   1  2   5  2  2  0  0  10/22  18:46   1:08   0:06 
Chris Clark              0  0  0   3  0   2  1  0  0  0  1/1    17:56   0:00   2:19 
John-Michael Liles       0  0  0   1  5   0  0  3  0  0  0/0    15:05   0:58   1:24 
Karel Rachunek           0  1  1   2  0   2  1  0  0  1  0/0    26:57   1:01   2:31 
Kyle Quincey             0  1  1   3  0   1  2  1  0  0  0/0    21:52   0:58   0:07 
Lars Eller               0  0  0   0  0   0  1  0  0  1  1/5     9:26   0:00   0:00 
Marc-André Cliche        0  0  0   0  2   0  0  0  0  0  0/0     9:25   0:00   0:00 
Mark Mancari             1  0  1   1  0   1  2  0  1  0  0/0    11:27   0:00   0:00 
Matt Lashoff             0  0  0   0  0   2  0  2  0  0  0/0    19:22   0:00   1:29 
Max Pacioretty           1  0  1   2  0   2  1  0  0  0  1/1    20:00   0:51   1:06 
Maxim Talbot             1  1  2   2  0   4  2  0  0  0  9/16   18:06   0:51   2:13 
Niko Dimitrakos          1  0  1   0  0   2  2  1  0  0  0/0    10:53   0:51   0:36 
Raphael Diaz             0  2  2   1  0   1  2  3  0  1  0/0    22:59   1:01   1:00 
Ryan Callahan            0  1  1   1  0   5  1  0  4  1  0/0    18:39   1:08   0:00 
Shawn Matthias           0  1  1   1  0   0  0  0  0  0  2/3    11:27   0:00   0:00 
Steven Kampfer           0  0  0   3  0   0  0  1  0  1  0/0    13:44   0:00   1:29 
Vojtech Polak            0  0  0   2  2   0  3  1  0  0  0/2    12:15   0:00   0:14 

3 Stars

1 - Andrew Ladd (Tol)
2 - Maxim Talbot (Tol)
3 - Raphael Diaz (Tol)

Power Play

Bulldogs - 1 on 3 Attempt(s) - 33,33%
Sewer Rats - 0 on 1 Attempt(s) - 0,00%

Penalty Kill

Bulldogs - 1 on 1 Attempt(s) - 100,00% - Score 0 goal in Penalty Kill
Sewer Rats - 2 on 3 Attempt(s) - 66,67% - Score 0 goal in Penalty Kill

Official

Referees : McCauley Wes and Rehman Kyle
Linesman : Steve Barton and Dan Schachte

Game Notes

Joey MacDonald enters game at 8:36 of 2nd period
John-Michael Liles and Stanislav Chistov fight to a draw at 17:03 of 2nd period
John-Michael Liles is injured at 3:36 of 3rd period (Sprained Left Finger)

Bulldogs

5 vs 5 Forward 
   Center                   Left Wing                Right Wing               Time % Phy DF OF 
 1 Andrew Ebbett            D.J King                 Stanislav Chistov        40     1   2  2  
 2 Christian Hanson         Brett McLean             Jonathan Hedstrom        30     1   2  2  
 3 Ryan Johnson             Andrei Nazarov           Andrew Gordon            20     1   2  2  
 4 Ryan Potulny             Fedor Fedorov            Andreas Nodl             10     1   2  2  

5 vs 5 Defense 
   Defense                  Defense                                           Time % Phy DF OF 
 1 Jay Harrison             Andrei Zyuzin                                     40     1   2  2  
 2 Aaron Ward               A.J Thelen                                        30     1   2  2  
 3 Brett Skinner            Davis Drewiske                                    20     1   2  2  
 4 Joe Charlebois           Jack Hillen                                       10     1   2  2  

PowerPlay Forward 
   Center                   Left Wing                Right Wing               Time % Phy DF OF 
 1 Andrew Ebbett            D.J King                 Stanislav Chistov        60     1   2  2  
 2 Christian Hanson         Brett McLean             Jonathan Hedstrom        40     1   2  2  

PowerPlay Defense
   Defense                  Defense                                           Time % Phy DF OF 
 1 Jay Harrison             Andrei Zyuzin                                     60     1   2  2  
 2 Aaron Ward               A.J Thelen                                        40     1   2  2  

Penalty Kill 4 Players Forward 
   Center                   Wing                     Time % Phy DF OF 
 1 Andrew Ebbett            Stanislav Chistov        60     1   2  2  
 2 D.J King                 Brett McLean             40     1   2  2  

Penalty Kill 4 Players Defense
   Defense                  Defense                  Time % Phy DF OF 
 1 Jay Harrison             Andrei Zyuzin            60     1   2  2  
 2 Aaron Ward               A.J Thelen               40     1   2  2  

Penalty Kill - 3 Players Forward 
   Forward                                           Time % Phy DF OF 
 1 Andrew Ebbett                                     60     1   2  2  
 2 Stanislav Chistov                                 40     1   2  2  

Penalty Kill - 3 Players Defense
   Defense                  Defense                  Time % Phy DF OF 
 1 Jay Harrison             Andrei Zyuzin            60     1   2  2  
 2 Aaron Ward               A.J Thelen               40     1   2  2  

4 vs 4 Forward 
   Center                   Wing                     Time % Phy DF OF 
 1 Andrew Ebbett            Stanislav Chistov        60     1   2  2  
 2 D.J King                 Brett McLean             40     1   2  2  

4 vs 4 Defense
   Defense                  Defense                  Time % Phy DF OF 
 1 Jay Harrison             Andrei Zyuzin            60     1   2  2  
 2 Aaron Ward               A.J Thelen               40     1   2  2  

Last Minutes Offensive
   Center                   Left Wing                Right Wing               Defense                  Defense                  
   Andrew Ebbett            D.J King                 Stanislav Chistov        Jay Harrison             Andrei Zyuzin            

Last Minutes Defensive
   Center                   Left Wing                Right Wing               Defense                  Defense                  
   Andrew Ebbett            D.J King                 Stanislav Chistov        Jay Harrison             Andrei Zyuzin            

Goaltenders
Starting : Leland Irving            
Backup : Joey MacDonald           

Extra Forwards
Normal : Andrei Nazarov, Andrew Gordon, Ryan Johnson - PP : Andrei Nazarov, Andrew Gordon - PK : Ryan Johnson
Extra Defensemen
Normal : Brett Skinner, Davis Drewiske, Joe Charlebois - PP : Brett Skinner - PK : Davis Drewiske, Joe Charlebois
Penalty Shots
Andrew Ebbett, Stanislav Chistov, D.J King, Brett McLean, Andrei Nazarov

Sewer Rats

5 vs 5 Forward 
   Center                   Left Wing                Right Wing               Time % Phy DF OF 
 1 Bryan Little             Max Pacioretty           Ryan Callahan            40     1   2  2  
 2 Maxim Talbot             Andrew Ladd              Chris Clark              30     1   2  2  
 3 Shawn Matthias           Vojtech Polak            Mark Mancari             20     1   2  2  
 4 Lars Eller               Marc-André Cliche        Niko Dimitrakos          10     1   2  2  

5 vs 5 Defense 
   Defense                  Defense                                           Time % Phy DF OF 
 1 Raphael Diaz             Karel Rachunek                                    40     1   2  2  
 2 John-Michael Liles       Matt Lashoff                                      30     1   2  2  
 3 Kyle Quincey             Steven Kampfer                                    20     1   2  2  
 4 John-Michael Liles       Karel Rachunek                                    10     1   2  2  

PowerPlay Forward 
   Center                   Left Wing                Right Wing               Time % Phy DF OF 
 1 Bryan Little             Andrew Ladd              Ryan Callahan            60     1   2  2  
 2 Maxim Talbot             Max Pacioretty           Niko Dimitrakos          40     1   2  2  

PowerPlay Defense
   Defense                  Defense                                           Time % Phy DF OF 
 1 Raphael Diaz             Karel Rachunek                                    60     1   2  2  
 2 Kyle Quincey             John-Michael Liles                                40     1   2  2  

Penalty Kill 4 Players Forward 
   Center                   Wing                     Time % Phy DF OF 
 1 Maxim Talbot             Chris Clark              60     1   2  2  
 2 Niko Dimitrakos          Andrew Ladd              40     1   2  2  

Penalty Kill 4 Players Defense
   Defense                  Defense                  Time % Phy DF OF 
 1 John-Michael Liles       Karel Rachunek           60     1   2  2  
 2 Steven Kampfer           Matt Lashoff             40     1   2  2  

Penalty Kill - 3 Players Forward 
   Forward                                           Time % Phy DF OF 
 1 Maxim Talbot                                      60     1   2  2  
 2 Andrew Ladd                                       40     1   2  2  

Penalty Kill - 3 Players Defense
   Defense                  Defense                  Time % Phy DF OF 
 1 Raphael Diaz             Karel Rachunek           60     1   2  2  
 2 John-Michael Liles       Matt Lashoff             40     1   2  2  

4 vs 4 Forward 
   Center                   Wing                     Time % Phy DF OF 
 1 Maxim Talbot             Andrew Ladd              60     1   2  2  
 2 Bryan Little             Ryan Callahan            40     1   2  2  

4 vs 4 Defense
   Defense                  Defense                  Time % Phy DF OF 
 1 Raphael Diaz             Karel Rachunek           60     1   2  2  
 2 John-Michael Liles       Matt Lashoff             40     1   2  2  

Last Minutes Offensive
   Center                   Left Wing                Right Wing               Defense                  Defense                  
   Bryan Little             Max Pacioretty           Ryan Callahan            Raphael Diaz             Karel Rachunek           

Last Minutes Defensive
   Center                   Left Wing                Right Wing               Defense                  Defense                  
   Maxim Talbot             Andrew Ladd              Niko Dimitrakos          John-Michael Liles       Karel Rachunek           

Goaltenders
Starting : Jhonas Enroth            
Backup : Jonas Gustavsson         

Extra Forwards
Normal : Chris Clark, Mark Mancari, Max Pacioretty - PP : Chris Clark, Mark Mancari - PK : Max Pacioretty
Extra Defensemen
Normal : Kyle Quincey, Raphael Diaz, John-Michael Liles - PP : Kyle Quincey - PK : Raphael Diaz, John-Michael Liles
Penalty Shots
Maxim Talbot, Andrew Ladd, Bryan Little, Ryan Callahan, Niko Dimitrakos

% Time on Ice - Bulldogs

Lines # - Real PCT - Wanted PCT - Time Play
Normal Forward
1 - 32% - 40% - 17:31
2 - 28% - 30% - 14:56
3 - 22% - 20% - 11:55
4 - 18% - 10% - 9:39
Normal Defense
1 - 39% - 40% - 21:20
2 - 31% - 30% - 16:36
3 - 20% - 20% - 10:48
4 - 10% - 10% - 5:17
PP Forward
1 - 58% - 60% - 2:18
2 - 43% - 40% - 1:42
PP Defense
1 - 65% - 60% - 2:37
2 - 35% - 40% - 1:23
PK Forward
1 - 71% - 60% - 1:24
2 - 29% - 40% - 0:35
PK Defense
1 - 52% - 60% - 1:02
2 - 48% - 40% - 0:57
PK3 Forward
1 - 0% - 60%
2 - 0% - 40%
PK3 Defense
1 - 0% - 60%
2 - 0% - 40%
44 Forward
1 - 0% - 60%
2 - 0% - 40%
44 Defense
1 - 0% - 60%
2 - 0% - 40%
Last Minute Offensive  - 0:00
Last Minute Defensive  - 0:00
Total
Forward - 60:00
Defense - 60:00

% Time on Ice - Sewer Rats

Lines # - Real PCT - Wanted PCT - Time Play
Normal Forward
1 - 34% - 40% - 18:08
2 - 28% - 30% - 15:00
3 - 21% - 20% - 11:27
4 - 17% - 10% - 9:26
Normal Defense
1 - 34% - 40% - 18:15
2 - 34% - 30% - 18:16
3 - 20% - 20% - 10:49
4 - 12% - 10% - 6:41
PP Forward
1 - 57% - 60% - 1:08
2 - 43% - 40% - 0:51
PP Defense
1 - 51% - 60% - 1:01
2 - 49% - 40% - 0:58
PK Forward
1 - 85% - 60% - 3:24
2 - 15% - 40% - 0:36
PK Defense
1 - 63% - 60% - 2:31
2 - 37% - 40% - 1:29
PK3 Forward
1 - 0% - 60%
2 - 0% - 40%
PK3 Defense
1 - 0% - 60%
2 - 0% - 40%
44 Forward
1 - 0% - 60%
2 - 0% - 40%
44 Defense
1 - 0% - 60%
2 - 0% - 40%
Last Minute Offensive  - 0:00
Last Minute Defensive  - 0:00
Total
Forward - 60:00
Defense - 60:00

Play by Play

1st period


0:01 of 1st period - Andrew Ebbett wins face-off versus Bryan Little in neutral zone.
0:04 of 1st period - Snap shot by Andrew Ebbett.
0:04 of 1st period - Shot Misses the Net.
1:12 of 1st period - Snap shot by Andrei Nazarov.
1:12 of 1st period - Stopped by Jhonas Enroth without a rebound.
1:13 of 1st period - Lars Eller wins face-off versus Stanislav Chistov in Sewer Rats zone.
1:13 of 1st period - Lars Eller is hit by Davis Drewiske.
1:24 of 1st period - Snap shot by Stanislav Chistov.
1:24 of 1st period - Shot Misses the Net.
1:26 of 1st period - Snap shot by Andrew Ebbett.
1:26 of 1st period - Shot Blocked by Niko Dimitrakos.
1:28 of 1st period - Wrist shot by D.J King.
1:28 of 1st period - Stopped by Jhonas Enroth with a rebound.
1:38 of 1st period - Max Pacioretty is hit by Brett McLean and loses puck.
1:47 of 1st period - Snap shot by Bryan Little.
1:47 of 1st period - Shot Hit the Post.
1:49 of 1st period - Backhand shot by Bryan Little.
1:49 of 1st period - Shot Misses the Net.
2:29 of 1st period - Matt Lashoff is hit by Davis Drewiske and loses puck.
2:54 of 1st period - Slapshot by Andrei Zyuzin.
2:54 of 1st period - Shot Misses the Net.
2:56 of 1st period - Snap shot by Fedor Fedorov.
2:56 of 1st period - Shot Misses the Net.
4:07 of 1st period - Snap shot by John-Michael Liles.
4:07 of 1st period - Shot Blocked by A.J Thelen.
4:27 of 1st period - Wrist shot by Niko Dimitrakos.
4:27 of 1st period - Deflect By Lars Eller.
4:27 of 1st period - Shot Blocked by A.J Thelen.
4:27 of 1st period - Puck is out of play.
4:28 of 1st period - Andrew Ebbett wins face-off versus Bryan Little in Bulldogs zone.
4:52 of 1st period - Icing by Andrei Zyuzin.
4:53 of 1st period - Chris Clark wins face-off versus Christian Hanson in Bulldogs zone.
4:56 of 1st period - Snap shot by Andrew Ladd.
4:56 of 1st period - Stopped by Leland Irving with a rebound.
5:18 of 1st period - Slapshot by Stanislav Chistov.
5:18 of 1st period - Stopped by Jhonas Enroth with a rebound.
5:29 of 1st period - Off-side.
5:30 of 1st period - Andrew Gordon wins face-off versus Andrew Ladd in neutral zone.
5:39 of 1st period - Snap shot by Andrei Nazarov.
5:39 of 1st period - Shot Misses the Net.
6:48 of 1st period - Slapshot by Ryan Callahan.
6:48 of 1st period - Stopped by Leland Irving with a rebound.
6:58 of 1st period - Slapshot by Ryan Callahan.
6:58 of 1st period - Stopped by Leland Irving without a rebound.
6:59 of 1st period - Shawn Matthias wins face-off versus Christian Hanson in Bulldogs zone.
7:02 of 1st period - Snap shot by Mark Mancari.
7:02 of 1st period - Goal by Mark Mancari - Bulldogs : 0 - Sewer Rats : 1.
7:03 of 1st period - Christian Hanson wins face-off versus Shawn Matthias in neutral zone.
7:14 of 1st period - Wrist shot by Mark Mancari.
7:14 of 1st period - Shot Misses the Net.
7:34 of 1st period - Wrist shot by Andrew Ebbett.
7:34 of 1st period - Deflect By Stanislav Chistov.
7:34 of 1st period - Shot Blocked by Andrew Ladd.
7:34 of 1st period - Puck is out of play.
7:35 of 1st period - Ryan Johnson wins face-off versus Andrew Ladd in Sewer Rats zone.
8:25 of 1st period - Karel Rachunek is hit by Jay Harrison and loses puck.
8:42 of 1st period - Slapshot by Andreas Nodl.
8:42 of 1st period - Stopped by Jhonas Enroth with a rebound.
9:02 of 1st period - Kyle Quincey is hit by Ryan Johnson and loses puck.
9:09 of 1st period - Andrei Zyuzin is hit by Raphael Diaz and loses puck.
9:17 of 1st period - Icing by Jay Harrison.
9:18 of 1st period - Shawn Matthias wins face-off versus Ryan Johnson in Bulldogs zone.
9:34 of 1st period - Snap shot by Bryan Little.
9:34 of 1st period - Stopped by Leland Irving with a rebound.
10:24 of 1st period - Jay Harrison is hit by Karel Rachunek and loses puck.
10:33 of 1st period - Snap shot by Ryan Callahan.
10:33 of 1st period - Stopped by Leland Irving with a rebound.
10:45 of 1st period - Snap shot by Niko Dimitrakos.
10:45 of 1st period - Goal by Niko Dimitrakos - Bulldogs : 0 - Sewer Rats : 2.
10:46 of 1st period - Andrew Ebbett wins face-off versus Bryan Little in neutral zone.
10:53 of 1st period - Snap shot by Stanislav Chistov.
10:53 of 1st period - Shot Blocked by Bryan Little.
10:55 of 1st period - Wrist shot by Andrew Ebbett.
10:55 of 1st period - Stopped by Jhonas Enroth with a rebound.
10:57 of 1st period - Wrist shot by Andrew Ebbett.
10:57 of 1st period - Stopped by Jhonas Enroth with a rebound.
10:59 of 1st period - Snap shot by A.J Thelen.
10:59 of 1st period - Shot Blocked by Raphael Diaz.
11:01 of 1st period - Snap shot by Andrew Ebbett.
11:01 of 1st period - Stopped by Jhonas Enroth without a rebound.
11:02 of 1st period - Maxim Talbot wins face-off versus Brett McLean in Sewer Rats zone.
11:09 of 1st period - Snap shot by Maxim Talbot.
11:09 of 1st period - Goal by Maxim Talbot - Bulldogs : 0 - Sewer Rats : 3.
11:10 of 1st period - Bryan Little wins face-off versus Andrew Ebbett in neutral zone.
11:17 of 1st period - Off-side.
11:18 of 1st period - Andrew Ebbett wins face-off versus Bryan Little in neutral zone.
11:18 of 1st period - Minor Penalty to Bryan Little for Holding.
11:19 of 1st period - Maxim Talbot wins face-off versus Andrew Ebbett in Sewer Rats zone.
12:36 of 1st period - Jonathan Hedstrom is hit by Maxim Talbot.
13:18 of 1st period - Penalty to Bryan Little is over, Bryan Little is back on ice.
14:01 of 1st period - Wrist shot by Fedor Fedorov.
14:01 of 1st period - Shot Hit the Post.
16:04 of 1st period - Wrist shot by Bryan Little.
16:04 of 1st period - Shot Misses the Net.
16:54 of 1st period - John-Michael Liles is hit by A.J Thelen and loses puck.
17:05 of 1st period - Jay Harrison is hit by Vojtech Polak and loses puck.
17:22 of 1st period - Andrew Ebbett is hit by Maxim Talbot and loses puck.
17:43 of 1st period - Christian Hanson is hit by Kyle Quincey and loses puck.
18:10 of 1st period - Andrei Zyuzin is hit by Lars Eller and loses puck.
18:46 of 1st period - Ryan Potulny is hit by Bryan Little and loses puck.
18:59 of 1st period - Wrist shot by Jonathan Hedstrom.
18:59 of 1st period - Shot Misses the Net.
19:21 of 1st period - Andrew Ebbett is hit by Kyle Quincey and loses puck.
19:36 of 1st period - Chris Clark is hit by Ryan Johnson and loses puck.
19:56 of 1st period - Jay Harrison is hit by Ryan Callahan and loses puck.

2nd period


0:01 of 2nd period - Andrew Ebbett wins face-off versus Bryan Little in neutral zone.
0:11 of 2nd period - Bryan Little is hit by D.J King and loses puck.
0:55 of 2nd period - Wrist shot by Fedor Fedorov.
0:55 of 2nd period - Shot Misses the Net.
1:12 of 2nd period - Minor Penalty to D.J King for Interference.
1:13 of 2nd period - Andrew Ebbett wins face-off versus Bryan Little in Bulldogs zone.
1:24 of 2nd period - Stanislav Chistov is hit by Andrew Ladd and loses puck.
3:12 of 2nd period - Penalty to D.J King is over, D.J King is back on ice.
3:41 of 2nd period - Snap shot by Fedor Fedorov.
3:41 of 2nd period - Shot Misses the Net.
3:43 of 2nd period - Wrist shot by Jay Harrison.
3:43 of 2nd period - Shot Hit the Post.
3:45 of 2nd period - Slapshot by Jay Harrison.
3:45 of 2nd period - Stopped by Jhonas Enroth with a rebound.
3:47 of 2nd period - Wrist shot by Ryan Potulny.
3:47 of 2nd period - Stopped by Jhonas Enroth with a rebound.
3:49 of 2nd period - Slapshot by Davis Drewiske.
3:49 of 2nd period - Stopped by Jhonas Enroth with a rebound.
3:51 of 2nd period - Slapshot by Andreas Nodl.
3:51 of 2nd period - Goal by Andreas Nodl - Bulldogs : 1 - Sewer Rats : 3.
3:52 of 2nd period - Ryan Johnson wins face-off versus Vojtech Polak in neutral zone.
4:00 of 2nd period - Andrei Nazarov is hit by Mark Mancari and loses puck.
4:43 of 2nd period - Andrew Ladd is hit by Andrew Ebbett and loses puck.
5:02 of 2nd period - Niko Dimitrakos is hit by Andreas Nodl and loses puck.
5:11 of 2nd period - Joe Charlebois is hit by Niko Dimitrakos and loses puck.
5:26 of 2nd period - Snap shot by Ryan Johnson.
5:26 of 2nd period - Shot Blocked by Matt Lashoff.
6:12 of 2nd period - Slapshot by Andrew Ebbett.
6:12 of 2nd period - Stopped by Jhonas Enroth without a rebound.
6:13 of 2nd period - Bryan Little wins face-off versus Andrew Ebbett in Sewer Rats zone.
6:13 of 2nd period - Bryan Little is hit by Andrew Ebbett.
6:23 of 2nd period - Stanislav Chistov is hit by Bryan Little and loses puck.
6:38 of 2nd period - Chris Clark is hit by A.J Thelen and loses puck.
6:56 of 2nd period - Off-side.
6:57 of 2nd period - Ryan Johnson wins face-off versus Vojtech Polak in neutral zone.
7:07 of 2nd period - Wrist shot by Shawn Matthias.
7:07 of 2nd period - Shot Misses the Net.
7:28 of 2nd period - Snap shot by Andrei Nazarov.
7:28 of 2nd period - Shot Blocked by John-Michael Liles.
7:30 of 2nd period - Wrist shot by Ryan Johnson.
7:30 of 2nd period - Stopped by Jhonas Enroth with a rebound.
7:34 of 2nd period - Wrist shot by Ryan Johnson.
7:34 of 2nd period - Shot Blocked by Matt Lashoff.
7:36 of 2nd period - Wrist shot by Andrei Nazarov.
7:36 of 2nd period - Shot Misses the Net.
7:38 of 2nd period - Wrist shot by Andrew Gordon.
7:38 of 2nd period - Shot Blocked by John-Michael Liles.
7:40 of 2nd period - Slapshot by Andrei Nazarov.
7:40 of 2nd period - Stopped by Jhonas Enroth with a rebound.
7:52 of 2nd period - Snap shot by Andrew Gordon.
7:52 of 2nd period - Stopped by Jhonas Enroth without a rebound.
7:53 of 2nd period - Andrew Ebbett wins face-off versus Bryan Little in Sewer Rats zone.
8:00 of 2nd period - Wrist shot by Andrew Ebbett.
8:00 of 2nd period - Stopped by Jhonas Enroth with a rebound.
8:08 of 2nd period - Slapshot by D.J King.
8:08 of 2nd period - Stopped by Jhonas Enroth without a rebound.
8:09 of 2nd period - Christian Hanson wins face-off versus Maxim Talbot in Sewer Rats zone.
8:18 of 2nd period - Slapshot by Andrei Zyuzin.
8:18 of 2nd period - Stopped by Jhonas Enroth without a rebound.
8:19 of 2nd period - Maxim Talbot wins face-off versus Christian Hanson in Sewer Rats zone.
8:26 of 2nd period - Snap shot by Andrew Ladd.
8:26 of 2nd period - Stopped by Leland Irving without a rebound.
8:27 of 2nd period - Andrew Ebbett wins face-off versus Bryan Little in Bulldogs zone.
8:36 of 2nd period - Backhand shot by Ryan Callahan.
8:36 of 2nd period - Deflect By Bryan Little.
8:36 of 2nd period - Goal by Bryan Little - Bulldogs : 1 - Sewer Rats : 4.
8:36 of 2nd period - Joey MacDonald enters game.
8:37 of 2nd period - Bryan Little wins face-off versus Andrew Ebbett in neutral zone.
8:50 of 2nd period - Karel Rachunek is hit by Andrew Ebbett and loses puck.
9:03 of 2nd period - Jonathan Hedstrom is hit by Andrew Ladd and loses puck.
9:10 of 2nd period - Brett McLean is hit by Raphael Diaz and loses puck.
9:47 of 2nd period - Icing by Niko Dimitrakos.
9:48 of 2nd period - Ryan Potulny wins face-off versus Lars Eller in Sewer Rats zone.
10:03 of 2nd period - Snap shot by Niko Dimitrakos.
10:03 of 2nd period - Stopped by Joey MacDonald without a rebound.
10:04 of 2nd period - Andrew Ebbett wins face-off versus Bryan Little in Bulldogs zone.
10:48 of 2nd period - Kyle Quincey is hit by Ryan Johnson and loses puck.
10:53 of 2nd period - Snap shot by Andrei Nazarov.
10:53 of 2nd period - Shot Blocked by Kyle Quincey.
10:55 of 2nd period - Snap shot by Ryan Johnson.
10:55 of 2nd period - Stopped by Jhonas Enroth with a rebound.
13:56 of 2nd period - Snap shot by Ryan Johnson.
13:56 of 2nd period - Stopped by Jhonas Enroth without a rebound.
13:57 of 2nd period - Max Pacioretty wins face-off versus Andrew Ebbett in Sewer Rats zone.
14:19 of 2nd period - Icing by A.J Thelen.
14:20 of 2nd period - Maxim Talbot wins face-off versus Andrew Ebbett in Bulldogs zone.
14:21 of 2nd period - Wrist shot by Andrew Ladd.
14:21 of 2nd period - Stopped by Joey MacDonald with a rebound.
14:54 of 2nd period - Slapshot by Bryan Little.
14:54 of 2nd period - Shot Misses the Net.
14:56 of 2nd period - Snap shot by Bryan Little.
14:56 of 2nd period - Shot Misses the Net.
15:55 of 2nd period - Slapshot by Maxim Talbot.
15:55 of 2nd period - Stopped by Joey MacDonald with a rebound.
15:57 of 2nd period - Slapshot by John-Michael Liles.
15:57 of 2nd period - Shot Misses the Net.
15:59 of 2nd period - Snap shot by Maxim Talbot.
15:59 of 2nd period - Shot Blocked by Jay Harrison.
16:17 of 2nd period - Snap shot by Jonathan Hedstrom.
16:17 of 2nd period - Shot Blocked by Raphael Diaz.
16:48 of 2nd period - Slapshot by Andrew Ladd.
16:48 of 2nd period - Deflect By Maxim Talbot.
16:48 of 2nd period - Shot Blocked by Brett McLean.
16:48 of 2nd period - Puck is out of play.
16:49 of 2nd period - Christian Hanson wins face-off versus Maxim Talbot in Bulldogs zone.
16:58 of 2nd period - Wrist shot by Maxim Talbot.
16:58 of 2nd period - Stopped by Joey MacDonald with a rebound.
17:00 of 2nd period - Wrist shot by Andrew Ladd.
17:00 of 2nd period - Goal by Andrew Ladd - Bulldogs : 1 - Sewer Rats : 5.
17:01 of 2nd period - Bryan Little wins face-off versus Andrew Ebbett in neutral zone.
17:03 of 2nd period - John-Michael Liles and Stanislav Chistov fight to a draw.
17:03 of 2nd period - Penalty to John-Michael Liles for Fighting.
17:03 of 2nd period - Penalty to Stanislav Chistov for Fighting.
17:04 of 2nd period - D.J King wins face-off versus Bryan Little in Bulldogs zone.
17:16 of 2nd period - Off-side.
17:17 of 2nd period - Bryan Little wins face-off versus Andrew Ebbett in neutral zone.
17:43 of 2nd period - Icing by Jonathan Hedstrom.
17:44 of 2nd period - Maxim Talbot wins face-off versus Jonathan Hedstrom in Bulldogs zone.
17:49 of 2nd period - Snap shot by Maxim Talbot.
17:49 of 2nd period - Shot Misses the Net.
17:51 of 2nd period - Wrist shot by Maxim Talbot.
17:51 of 2nd period - Deflect By Andrew Ladd.
17:51 of 2nd period - Shot Misses the Net.
17:51 of 2nd period - Puck is out of play.
17:52 of 2nd period - Andrew Ebbett wins face-off versus Bryan Little in Bulldogs zone.
18:59 of 2nd period - Minor Penalty to Marc-André Cliche for Hooking.
19:00 of 2nd period - Andrew Ebbett wins face-off versus Maxim Talbot in Sewer Rats zone.
19:01 of 2nd period - Slapshot by Aaron Ward.
19:01 of 2nd period - Goal by Aaron Ward - Bulldogs : 2 - Sewer Rats : 5.
19:02 of 2nd period - Andrew Ebbett wins face-off versus Bryan Little in neutral zone.
19:05 of 2nd period - Snap shot by D.J King.
19:05 of 2nd period - Shot Blocked by Raphael Diaz.
19:54 of 2nd period - Ryan Potulny is hit by Vojtech Polak and loses puck.

3rd period


0:01 of 3rd period - Bryan Little wins face-off versus Andrew Ebbett in neutral zone.
0:12 of 3rd period - Snap shot by Bryan Little.
0:12 of 3rd period - Stopped by Joey MacDonald with a rebound.
0:39 of 3rd period - Snap shot by Andrew Ebbett.
0:39 of 3rd period - Deflect By Andrei Nazarov.
0:39 of 3rd period - Shot Blocked by Vojtech Polak.
0:39 of 3rd period - Puck is out of play.
0:40 of 3rd period - Maxim Talbot wins face-off versus Christian Hanson in Sewer Rats zone.
1:11 of 3rd period - Slapshot by Fedor Fedorov.
1:11 of 3rd period - Shot Misses the Net.
1:25 of 3rd period - Wrist shot by Niko Dimitrakos.
1:25 of 3rd period - Shot Blocked by Fedor Fedorov.
1:37 of 3rd period - Wrist shot by Andreas Nodl.
1:37 of 3rd period - Shot Misses the Net.
1:39 of 3rd period - Snap shot by Andrei Zyuzin.
1:39 of 3rd period - Stopped by Jhonas Enroth without a rebound.
1:40 of 3rd period - Bryan Little wins face-off versus Andrew Ebbett in Sewer Rats zone.
1:40 of 3rd period - Bryan Little is hit by Andrei Nazarov.
1:50 of 3rd period - Slapshot by Bryan Little.
1:50 of 3rd period - Shot Blocked by Aaron Ward.
2:40 of 3rd period - Wrist shot by Ryan Callahan.
2:40 of 3rd period - Stopped by Joey MacDonald with a rebound.
2:42 of 3rd period - Snap shot by Max Pacioretty.
2:42 of 3rd period - Shot Blocked by Andrew Ebbett.
2:44 of 3rd period - Slapshot by Max Pacioretty.
2:44 of 3rd period - Shot Blocked by Andrew Ebbett.
2:46 of 3rd period - Wrist shot by Ryan Callahan.
2:46 of 3rd period - Shot Misses the Net.
2:48 of 3rd period - Slapshot by Karel Rachunek.
2:48 of 3rd period - Stopped by Joey MacDonald with a rebound.
2:50 of 3rd period - Snap shot by Kyle Quincey.
2:50 of 3rd period - Stopped by Joey MacDonald without a rebound.
2:51 of 3rd period - Andrew Ladd wins face-off versus Christian Hanson in Bulldogs zone.
2:58 of 3rd period - Snap shot by Andrew Ladd.
2:58 of 3rd period - Shot Misses the Net.
3:00 of 3rd period - Wrist shot by Andrew Ladd.
3:00 of 3rd period - Shot Misses the Net.
3:02 of 3rd period - Wrist shot by Chris Clark.
3:02 of 3rd period - Shot Blocked by Andrei Zyuzin.
3:18 of 3rd period - Andrei Nazarov is hit by Vojtech Polak and loses puck.
3:20 of 3rd period - Minor Penalty to Vojtech Polak for Delaying the game.
3:21 of 3rd period - Andrew Ebbett wins face-off versus Maxim Talbot in Sewer Rats zone.
3:36 of 3rd period - Snap shot by Stanislav Chistov.
3:36 of 3rd period - Shot Blocked by John-Michael Liles.
3:36 of 3rd period - John-Michael Liles from Sewer Rats is injured at 3:36 of 3rd period (Sprained Left Finger).
3:37 of 3rd period - Maxim Talbot wins face-off versus Andrew Ebbett in Sewer Rats zone.
3:37 of 3rd period - Maxim Talbot is hit by Andrei Zyuzin.
5:20 of 3rd period - Penalty to Vojtech Polak is over, Vojtech Polak is back on ice.
5:48 of 3rd period - Snap shot by Chris Clark.
5:48 of 3rd period - Stopped by Joey MacDonald with a rebound.
5:50 of 3rd period - Slapshot by Raphael Diaz.
5:50 of 3rd period - Deflect By Andrew Gordon.
5:50 of 3rd period - Stopped by Joey MacDonald with a rebound.
5:52 of 3rd period - Backhand shot by Karel Rachunek.
5:52 of 3rd period - Stopped by Joey MacDonald with a rebound.
5:54 of 3rd period - Wrist shot by Max Pacioretty.
5:54 of 3rd period - Goal by Max Pacioretty - Bulldogs : 2 - Sewer Rats : 6.
5:55 of 3rd period - Andrew Ebbett wins face-off versus Lars Eller in neutral zone.
6:51 of 3rd period - Slapshot by Andrew Gordon.
6:51 of 3rd period - Shot Blocked by Steven Kampfer.
7:00 of 3rd period - Icing by Bryan Little.
7:01 of 3rd period - Ryan Potulny wins face-off versus Lars Eller in Sewer Rats zone.
8:52 of 3rd period - Snap shot by Andrei Nazarov.
8:52 of 3rd period - Shot Misses the Net.
8:54 of 3rd period - Slapshot by Jay Harrison.
8:54 of 3rd period - Shot Misses the Net.
8:56 of 3rd period - Snap shot by Andrew Gordon.
8:56 of 3rd period - Stopped by Jhonas Enroth with a rebound.
9:06 of 3rd period - Chris Clark is hit by Andrei Zyuzin.
9:15 of 3rd period - Ryan Potulny is hit by Chris Clark and loses puck.
9:52 of 3rd period - Snap shot by Ryan Johnson.
9:52 of 3rd period - Stopped by Jhonas Enroth without a rebound.
9:53 of 3rd period - Ryan Johnson wins face-off versus Lars Eller in Sewer Rats zone.
9:54 of 3rd period - Slapshot by Andrew Gordon.
9:54 of 3rd period - Shot Misses the Net.
9:56 of 3rd period - Wrist shot by Andrei Nazarov.
9:56 of 3rd period - Shot Misses the Net.
9:58 of 3rd period - Snap shot by Andrei Nazarov.
9:58 of 3rd period - Stopped by Jhonas Enroth without a rebound.
9:59 of 3rd period - Bryan Little wins face-off versus Stanislav Chistov in Sewer Rats zone.
9:59 of 3rd period - Bryan Little is hit by D.J King.
10:52 of 3rd period - Steven Kampfer is hit by Andrei Zyuzin and loses puck.
11:05 of 3rd period - Shawn Matthias is hit by Andrei Nazarov and loses puck.
11:16 of 3rd period - D.J King is hit by Niko Dimitrakos and loses puck.
11:39 of 3rd period - Snap shot by Max Pacioretty.
11:39 of 3rd period - Stopped by Joey MacDonald with a rebound.
11:41 of 3rd period - Snap shot by Kyle Quincey.
11:41 of 3rd period - Shot Blocked by Andreas Nodl.
11:43 of 3rd period - Slapshot by Kyle Quincey.
11:43 of 3rd period - Deflect By Bryan Little.
11:43 of 3rd period - Stopped by Joey MacDonald with a rebound.
11:45 of 3rd period - Slapshot by Steven Kampfer.
11:45 of 3rd period - Shot Misses the Net.
11:55 of 3rd period - Snap shot by Maxim Talbot.
11:55 of 3rd period - Shot Blocked by Davis Drewiske.
11:57 of 3rd period - Snap shot by Matt Lashoff.
11:57 of 3rd period - Stopped by Joey MacDonald with a rebound.
11:59 of 3rd period - Slapshot by Raphael Diaz.
11:59 of 3rd period - Deflect By Andrew Ladd.
11:59 of 3rd period - Deflect By Jonathan Hedstrom.
11:59 of 3rd period - Shot Misses the Net.
11:59 of 3rd period - Puck is out of play.
12:00 of 3rd period - Christian Hanson wins face-off versus Maxim Talbot in Bulldogs zone.
12:05 of 3rd period - Wrist shot by Maxim Talbot.
12:05 of 3rd period - Stopped by Joey MacDonald without a rebound.
12:06 of 3rd period - D.J King wins face-off versus Maxim Talbot in Bulldogs zone.
12:44 of 3rd period - Brett McLean is hit by Max Pacioretty and loses puck.
13:03 of 3rd period - Wrist shot by Shawn Matthias.
13:03 of 3rd period - Shot Misses the Net.
13:09 of 3rd period - Karel Rachunek is hit by Andrei Nazarov and loses puck.
13:21 of 3rd period - Off-side.
13:22 of 3rd period - Maxim Talbot wins face-off versus Andrew Ebbett in neutral zone.
13:30 of 3rd period - Wrist shot by Chris Clark.
13:30 of 3rd period - Shot Blocked by D.J King.
13:43 of 3rd period - Slapshot by Maxim Talbot.
13:43 of 3rd period - Shot Misses the Net.
14:17 of 3rd period - Slapshot by Matt Lashoff.
14:17 of 3rd period - Stopped by Joey MacDonald without a rebound.
14:18 of 3rd period - Bryan Little wins face-off versus Christian Hanson in Bulldogs zone.
14:29 of 3rd period - Wrist shot by Christian Hanson.
14:29 of 3rd period - Deflect By Jonathan Hedstrom.
14:29 of 3rd period - Shot Blocked by Bryan Little.
14:29 of 3rd period - Puck is out of play.
14:30 of 3rd period - Bryan Little wins face-off versus Christian Hanson in Sewer Rats zone.
14:37 of 3rd period - Snap shot by Raphael Diaz.
14:37 of 3rd period - Shot Misses the Net.
14:55 of 3rd period - Mark Mancari is hit by Ryan Johnson and loses puck.
15:04 of 3rd period - Wrist shot by Karel Rachunek.
15:04 of 3rd period - Shot Hit the Post.
16:05 of 3rd period - Wrist shot by Ryan Callahan.
16:05 of 3rd period - Stopped by Joey MacDonald without a rebound.
16:06 of 3rd period - Andrew Ebbett wins face-off versus Maxim Talbot in Bulldogs zone.
16:31 of 3rd period - Ryan Callahan is hit by Jonathan Hedstrom.
16:55 of 3rd period - Snap shot by Andrew Gordon.
16:55 of 3rd period - Stopped by Jhonas Enroth without a rebound.
16:56 of 3rd period - Maxim Talbot wins face-off versus Ryan Johnson in Sewer Rats zone.
17:11 of 3rd period - Slapshot by Chris Clark.
17:11 of 3rd period - Stopped by Joey MacDonald with a rebound.
17:28 of 3rd period - Matt Lashoff is hit by A.J Thelen and loses puck.
19:00 of 3rd period - Backhand shot by Bryan Little.
19:00 of 3rd period - Stopped by Joey MacDonald with a rebound.
19:10 of 3rd period - Christian Hanson is hit by Mark Mancari and loses puck.
19:31 of 3rd period - Snap shot by Marc-André Cliche.
19:31 of 3rd period - Shot Misses the Net.


Output by the SimonT Hockey Simulator (STHS) for François Prévost -- Original Page W3C XHTML 1.0 Valid
Hockey Simulator - Hockey Simulation - Hockey Manager